 Dungeon Crawl Stone Soup version 0.19-a0-3-g95c6029 (webtiles) character file.

132552 Balimanorgath the Severer (level 17, -1/135 HPs)
             Began as a Formicid Fighter on Apr 28, 2016.
             Was the Champion of Makhleb.
             Slain by an emperor scorpion (13 damage)
             ... on level 3 of the Spider Nest.
             The game lasted 03:29:48 (41780 turns).

Balimanorgath the Severer (Formicid Fighter)       Turns: 41780, Time: 03:29:48

Health: -1/135     AC: 18    Str: 21    XL:     17   Next: 70%
Magic:  25/25      EV: 14    Int: 10    God:    Makhleb [******]
Gold:   2127       SH: 13    Dex: 15    Spells: 1 memorised, 24 levels left

rFire  . . .     SeeInvis +     a - +1 battleaxe (elec)
rCold  . . .     Gourm    .     P - +1 chain mail "Iwiexidi" {rElec rPois rCorr Str-5}
rNeg   . . .     Faith    .     c - +1 shield
rPois  +         Spirit   .     (helmet unavailable)
rElec  +         Dismiss  +     e - +0 cloak (curse)
rCorr  +         Reflect  .     y - +0 pair of gloves
SustAt .         Harm     .     C - +0 pair of boots
MR     +....     Clarity  +     s - amulet of dismissal
Stlth  ..........               L - +5 ring of strength
                                S - ring of flight

@: somewhat resistant to hostile enchantments, extremely unstealthy
A: permanent stasis, dig shafts and tunnels, four strong arms, antennae 3,
blurry vision 1, clarity, wild magic 1
a: Dig, Shaft Self, Minor Destruction, Lesser Servant of Makhleb, Major
Destruction, Greater Servant of Makhleb, Renounce Religion, Evoke Flight


You were on level 3 of the Spider Nest.
You worshipped Makhleb.
Makhleb was exalted by your worship.
You were not hungry.

You visited 5 branches of the dungeon, and saw 29 of its levels.
You also visited: Ossuary.

You collected 2364 gold pieces.
You spent 237 gold pieces at shops.

Inventory:

Hand Weapons
 a - a +1 battleaxe of electrocution (weapon)
 b - a +0 arbalest
 w - a +3 hand axe of flaming
Missiles
 d - 39 tomahawks
 q - 214 bolts
 t - 7 javelins
 N - 5 tomahawks of dispersal
 T - a tomahawk of returning (quivered)
 V - 8 steel tomahawks
Armour
 c - a +1 shield (worn)
 e - a cursed +0 cloak (worn)
 h - a +0 leather armour of cold resistance
 j - a +2 cloak
 y - a +0 pair of gloves (worn)
 C - a +0 pair of boots (worn)
 O - a +2 chain mail of fire resistance
 P - the +1 chain mail "Iwiexidi" (worn) {rElec rPois rCorr Str-5}
   (You bought it in a shop on level 12 of the Dungeon)

   It affects your strength (-5).
   It insulates you from electricity.
   It protects you from poison.
   It protects you from acid and corrosion.
Jewellery
 s - an amulet of dismissal (around neck)
 L - a +5 ring of strength (right hand)
 S - a ring of flight (left hand)
 X - an uncursed ring of fire
 Y - an uncursed ring of ice
Wands
 l - a wand of acid (7/15)
 n - a wand of lightning (5/15)
 z - a wand of slowing (35/48)
 R - a wand of teleportation (1/9)
 W - a wand of confusion (7/48)
Scrolls
 k - 2 scrolls of fear
 p - 9 scrolls of remove curse
 G - 17 scrolls of identify
 I - a scroll of magic mapping
 J - 3 scrolls of fog
Potions
 u - 5 potions of might
 x - 8 potions of curing
 B - 2 potions of resistance
 H - 2 potions of agility
 Q - a potion of flight
Comestibles
 f - 18 bread rations
 A - 4 beef jerkies


   Skills:
 + Level 12.9 Fighting
 * Level 15.6 Axes
 + Level 4.8 Crossbows
 - Level 5.9 Throwing
 + Level 12.7 Armour
 + Level 10.7 Dodging
 - Level 10.6 Shields
 + Level 5.5 Spellcasting
 - Level 11.3 Invocations
 + Level 6.9 Evocations


You had 24 spell levels left.
You knew the following spells:

 Your Spells              Type           Power        Failure   Level  Hunger
a - Regeneration          Chrm/Necr      #.........   100%        3    ###....


Dungeon Overview and Level Annotations

Branches:
Dungeon (15/15)            Temple (1/1) D:7            Lair (8/8) D:11
  Swamp (0/4) Lair:5       Spider (3/4) Lair:4        Slime (0/6) Lair:8
    Orc (2/2) D:12            Elf (0/3) Orc:2        Vaults (0/5) D:13
 Depths: D:15

Altars:
Ashenzari
Cheibriados
Dithmenos
Elyvilon
Fedhas
Gozag
Kikubaaqudgha
Makhleb
Nemelex Xobeh
Okawaru
Pakellas
Qazlal
Ru
Sif Muna
Trog
Vehumet
Xom
Yredelemnul
Zin
The Shining One
Beogh
Jiyva

Shops:
D:11 :   D:12 [(   D:13 %   Orc:1 %   Orc:2 ([[***[(

Annotations:
Lair:5 Player ghost with )dist, FishServ's ghost, journeyman HEAE
Lair:8 1 runed door, exclusion: door
Spider:2 Frances


Innate Abilities, Weirdness & Mutations

You are under a permanent stasis effect.
You can dig through walls and to a lower floor.
Your four strong arms can wield two-handed weapons with a shield.
You have a pair of large antennae on your head (SInv).
Scrolls take you a little longer to read.
You possess an exceptional clarity of mind.
Your spells are a little harder to cast, but a little more powerful.


Message History

* * * LOW HITPOINT WARNING * * *
You block the emperor scorpion's attack. x2
You hit the emperor scorpion.
The emperor scorpion is heavily wounded.
The emperor scorpion stings you!
* * * LOW HITPOINT WARNING * * *
You block the emperor scorpion's attack.
The emperor scorpion claws you but does no damage.
You slash the emperor scorpion!
There is a sudden explosion of sparks!
The emperor scorpion is severely wounded.
Evoke which item? (* to show all) (? for menu, Esc to quit)
Zapping:
l - a wand of acid (will waste charges)
Press: ? - help, Shift-Dir - straight line, f - emperor scorpion
Aim: an emperor scorpion (severely wounded)
The bolt of acid hits the emperor scorpion.
The emperor scorpion appears unharmed.
The emperor scorpion is severely wounded.
Evoking this partially-identified wand wasted a few charges.
The emperor scorpion stings you!
You die...

...................^*,,,,**
....................*≈*,,≈*
....................,,*****
.........s#........,,,,*
....#≈.##≈≈.....#,,,,,,*
<....###≈#^....##,,,,,**
.....*≈..#......#*,,,**
....#≈≈..##≈..≈###****
#.s......,##≈≈{#@#
#.[......*≈####s##
#≈....##≈*≈** ###
,**,,,,,,,≈≈**
,,*≈,,,,,,<,,*
,,,≈≈,,,,,,,**
,,,,**,,,,,** ,,,,,**,,,,,*
,,,,,,≈,,,,,*


You could see an emperor scorpion.

Vanquished Creatures
  2 orc warlords (Orc:1)
  A ghost moth (Spider:2)
  Maud (D:11)
  An emperor scorpion (Lair:4)
  4 vault guards (D:13)
  Josephine (D:11)
  3 entropy weavers (Lair:4)
  9 hydras
  4 centaur warriors
  2 catoblepae
  4 ogre magi
  3 death yaks (Lair:5)
  2 orc high priests
  5 skeletal warriors (D:14)
  A deep elf knight (D:13)
  4 unseen horrors
  A deep elf archer (Orc:1)
  A wizard (D:13)
  6 hill giants
  A lindwurm (Lair:7)
  Pikel (D:5)
  2 orc knights
  5 griffons
  A hornet (Lair:4)
  A wolf spider zombie (D:14)
  4 ugly things
  5 orb spiders
  A cyclops (D:14)
  6 orc sorcerers
  A manticore (D:13)
  16 wolf spiders
  An oklob plant (Lair:6)
  19 elephants
  Psyche (D:10)
  5 black mambas
  16 two-headed ogres
  An ice statue (D:12)
  Maurice (Orc:2)
  A centaur skeleton (D:12)
  A gargoyle (D:7)
  2 torpor snails
  29 spiny frogs
  11 komodo dragons
  A yaktaur (D:13)
  2 rime drakes
  A tengu conjurer (D:14)
  5 demonic crawlers
  9 trolls
  A polar bear (Lair:5)
  18 jumping spiders
  3 giant leeches (Lair:8)
  28 blink frogs
  2 boulder beetles
  22 redbacks
  A spriggan (D:7)
  7 wraiths
  Sigmund (D:3)
  32 yaks
  A human (D:13)
  15 tarantellas
  8 wyverns
  A hungry ghost (D:10)
  4 basilisks
  8 vampire mosquitoes
  A steam dragon (D:13)
  9 hippogriffs
  2 insubstantial wisps (Lair:5)
  6 wargs
  A mottled dragon (D:13)
  23 water moccasins
  Duvessa (D:6)
  14 porcupines
  A slave (D:5)
  21 orc warriors
  9 ice beasts
  3 sky beasts
  A wasp (D:13)
  An eye of draining (D:10)
  4 black bears
  39 ogres
  A phantom (D:10)
  13 wolves
  12 centaurs
  A necrophage (D:9)
  15 crocodiles
  Blork the orc (D:5)
  41 giant frogs
  Dowan (D:5)
  3 scorpions
  5 electric eels
  A howler monkey (D:10)
  7 wights
  2 giant frog zombies
  11 crimson imps
  2 wasp zombies (D:9)
  6 centaur zombies
  11 hounds
  A quasit (D:7)
  Crazy Yiuf (D:2)
  2 giant frog skeletons (D:9)
  3 jellies
  8 orc priests
  11 iguanas
  Terence (D:2)
  32 orc wizards
  18 worker ants
  3 big kobold zombies (Ossuary)
  19 sheep
  5 mummies (Ossuary)
  2 worker ant zombies
  Robin (D:3)
  3 gnolls (D:6)
  15 adders
  90 river rats
  3 oozes
  An adder zombie (D:7)
  An adder skeleton (D:6)
  A worm (D:2)
  4 dart slugs
  4 giant geckos
  81 orcs
  6 bats
  8 giant cockroaches
  8 goblins
  8 hobgoblins
  13 jackals
  3 kobolds
  3 quokkas
  3 ball pythons
  2 giant gecko zombies
  A giant newt (D:1)
  2 hobgoblin zombies (Ossuary)
  A jackal skeleton (D:5)
  A quokka skeleton (D:9)
  10 rats
  A bush (Lair:6)
  7 fungi
  8 plants
1021 creatures vanquished.

Vanquished Creatures (collateral kills)
  A spiny frog (Lair:3)
  A basilisk (Lair:3)
2 creatures vanquished.

Vanquished Creatures (others)
  Sonja (Lair:2)
  A vampire mosquito (D:14)
  An orc warrior (Orc:1)
  2 slaves (D:6)
  An orc (D:12)
  A bush (Lair:4)
  34 fungi
  7 plants
48 creatures vanquished.

Grand Total: 1071 creatures vanquished

Notes
Turn   | Place    | Note
--------------------------------------------------------------
     0 | D:1      | Balimanorgath the Formicid Fighter began the quest for the Orb.
     0 | D:1      | Reached XP level 1. HP: 18/18 MP: 1/1
   318 | D:1      | Reached XP level 2. HP: 16/24 MP: 2/2
  1054 | D:2      | Noticed Terence
  1054 | D:2      | Reached skill level 1 in Dodging
  1054 | D:2      | Reached XP level 3. HP: 24/29 MP: 3/3
  1076 | D:2      | Killed Terence
  1076 | D:2      | Reached XP level 4. HP: 27/35 MP: 4/4
  1238 | D:2      | Found a faded altar to an unknown god.
  1925 | D:2      | Reached XP level 5. HP: 42/42 MP: 5/5
  2129 | D:2      | Noticed Crazy Yiuf
  2133 | D:2      | Killed Crazy Yiuf
  2133 | D:2      | Reached skill level 3 in Axes
  2391 | D:3      | Reached skill level 5 in Shields
  2404 | D:3      | Reached skill level 1 in Throwing
  2404 | D:3      | Reached XP level 6. HP: 16/48 MP: 6/6
  2466 | D:3      | Noticed Sigmund
  2468 | D:3      | Killed Sigmund
  2588 | D:3      | Noticed Robin
  2600 | D:3      | Killed Robin
  2602 | D:3      | Reached XP level 7. HP: 53/54 MP: 7/7
  3702 | D:4      | Reached skill level 4 in Axes
  3994 | D:5      | Entered Level 5 of the Dungeon
  4221 | D:5      | Found a shattered altar of Ashenzari.
  4221 | D:5      | Noticed Blork the orc
  4262 | D:5      | Reached XP level 8. HP: 9/61 MP: 8/8
  4264 | D:5      | Killed Blork the orc
  4559 | D:5      | Found a glowing silver altar of Zin.
  4726 | D:5      | Reached skill level 5 in Fighting
  4964 | D:5      | Found a deep blue altar of Sif Muna.
  5364 | D:5      | Reached skill level 5 in Axes
  5559 | D:5      | Found an opulent altar of Gozag.
  5724 | D:5      | Reached XP level 9. HP: 59/68 MP: 9/9
  5892 | D:5      | Found a burning altar of Makhleb.
  5892 | D:5      | Noticed an Executioner
  5895 | D:5      | Noticed an orange demon
  5895 | D:5      | Noticed an orange demon
  5897 | D:5      | Became a worshipper of Makhleb the Destroyer
  5991 | D:6      | Noticed Pikel
  6072 | D:6      | Noticed Duvessa
  6072 | D:6      | Noticed Dowan
  6208 | D:5      | Killed Pikel
  6208 | D:5      | Reached skill level 6 in Axes
  6208 | D:5      | Reached skill level 5 in Armour
  6391 | D:6      | Killed Duvessa
  6548 | D:5      | Killed Dowan
  6621 | D:6      | Noticed a two-headed ogre
  6624 | D:6      | Killed a two-headed ogre
  6815 | D:6      | Reached * piety under Makhleb
  6860 | D:6      | Found an opulent altar of Gozag.
  6906 | D:6      | Reached XP level 10. HP: 76/76 MP: 10/10
  7395 | D:7      | Found a sand-covered staircase.
  7406 | Ossuary  | Entered an ossuary
  7413 | Ossuary  | Reached skill level 7 in Axes
  7467 | Ossuary  | Reached ** piety under Makhleb
  7565 | Ossuary  | Reached skill level 1 in Invocations
  7836 | D:7      | Found a staircase to the Ecumenical Temple.
  7853 | Temple   | Entered the Ecumenical Temple
  8163 | D:7      | Found a stormy altar of Qazlal.
  8243 | D:7      | Noticed a gargoyle
  9518 | D:8      | Found a radiant altar of Vehumet.
  9812 | D:9      | Reached *** piety under Makhleb
  9812 | D:9      | Reached skill level 8 in Axes
  9812 | D:9      | Reached skill level 10 in Shields
  9897 | D:9      | Found a blossoming altar of Fedhas.
 10196 | D:9      | Reached XP level 11. HP: 83/83 MP: 13/13
 10245 | D:9      | Reached skill level 5 in Dodging
 10396 | D:9      | Found a bloodstained altar of Trog.
 10595 | D:10     | Entered Level 10 of the Dungeon
 10692 | D:10     | Reached skill level 5 in Throwing
 10852 | D:10     | Noticed a catoblepas
 11143 | D:10     | Reached **** piety under Makhleb
 11452 | D:10     | Noticed Psyche
 11464 | D:10     | Killed Psyche
 11509 | D:10     | Noticed a hill giant
 11515 | D:10     | Killed a hill giant
 12187 | D:11     | Noticed a hill giant
 12199 | D:11     | Killed a hill giant
 12450 | D:11     | Reached skill level 1 in Evocations
 12463 | D:11     | Reached skill level 9 in Axes
 12493 | D:11     | Noticed Josephine
 12508 | D:11     | Killed Josephine
 12508 | D:11     | Reached skill level 5 in Invocations
 12709 | D:11     | Found a staircase to the Lair.
 12710 | D:11     | Noticed a hill giant
 12719 | D:11     | Killed a hill giant
 12719 | D:11     | Reached XP level 12. HP: 91/91 MP: 15/15
 12877 | D:11     | Found Kigid's Book Emporium.
 13166 | Lair:1   | Entered Level 1 of the Lair of Beasts
 13922 | Lair:1   | Reached ***** piety under Makhleb
 14543 | Lair:2   | Reached skill level 10 in Axes
 15176 | Lair:2   | Noticed Sonja
 15190 | Lair:2   | Killed Sonja
 16793 | Lair:3   | Reached XP level 13. HP: 101/101 MP: 18/18
 17406 | Lair:3   | Found a runed door.
 18046 | Lair:4   | Reached ****** piety under Makhleb
 18046 | Lair:4   | Reached skill level 11 in Axes
 19723 | Lair:4   | Found a hole to the Spider Nest.
 20441 | Lair:5   | Found a staircase to the Swamp.
 20469 | Lair:5   | Noticed FishServ's ghost (journeyman HEAE)
 20547 | Lair:5   | Reached skill level 10 in Fighting
 21190 | D:12     | Found Uharch's Weapon Shop.
 21196 | D:12     | Found a staircase to the Orcish Mines.
 21197 | D:12     | Found Riaf's Armour Shop.
 21197 | D:12     | Noticed Maud
 21230 | D:11     | Killed Maud
 21230 | D:11     | Reached skill level 12 in Axes
 21230 | D:11     | Reached XP level 14. HP: 82/110 MP: 20/20
 21816 | Orc:1    | Entered Level 1 of the Orcish Mines
 21848 | Orc:1    | Found Zaac's Food Boutique.
 22185 | Orc:2    | Entered Level 2 of the Orcish Mines
 22561 | D:13     | You fall through a shaft!
 22975 | D:14     | Reached skill level 10 in Armour
 23149 | D:13     | Found Usepu's Food Boutique.
 25717 | Lair:6   | Reached skill level 10 in Invocations
 25960 | Lair:6   | Gained mutation: Scrolls take you a little longer to read. [potion of mutation]
 25960 | Lair:6   | Gained mutation: You possess an exceptional clarity of mind. [potion of mutation]
 26014 | Lair:7   | Reached skill level 13 in Axes
 26257 | Lair:7   | Got a polished chain mail
 26260 | Lair:7   | Identified the +3 chain mail of Anarchy {rPois MP+9} (You found it on level 7 of the Lair of Beasts)
 27136 | Lair:7   | Reached XP level 15. HP: 118/118 MP: 22/22
 27423 | Lair:8   | Entered Level 8 of the Lair of Beasts
 28771 | Lair:8   | Found a runed door.
 28776 | Lair:8   | Found a viscous altar of Jiyva.
 28776 | Lair:8   | Found a staircase to the Slime Pits.
 28776 | Lair:8   | Noticed an azure jelly
 28847 | Lair:8   | Found a glowing silver altar of Zin.
 29149 | D:12     | Bought the cursed +1 chain mail "Iwiexidi" {rElec rPois rCorr Str-5} for 237 gold pieces
 29313 | Lair:8   | Reached skill level 14 in Axes
 29677 | Lair:8   | Gained mutation: Your spells are a little harder to cast, but a little more powerful. [potion of beneficial mutation]
 30749 | D:12     | Reached skill level 1 in Spellcasting
 30999 | D:13     | HP: 6/120 [catoblepas (8)]
 31900 | D:13     | Reached XP level 16. HP: 124/127 MP: 24/24
 32039 | D:13     | Found a gate to the Vaults.
 32056 | D:13     | Reached skill level 1 in Crossbows
 32808 | D:14     | Reached skill level 5 in Evocations
 33203 | D:14     | Found a runed door.
 34035 | D:14     | Found a roughly hewn altar of Beogh.
 34239 | D:15     | Entered Level 15 of the Dungeon
 34408 | D:15     | Found a roughly hewn altar of Beogh.
 35088 | Orc:1    | Reached skill level 10 in Dodging
 35514 | Orc:2    | Found Ucleh's General Store.
 35548 | Orc:2    | Found Jieh's Antique Armour Shop.
 35581 | Orc:2    | Found Sampidul's Weapon Shoppe.
 35593 | Orc:2    | Found a staircase to the Elven Halls.
 35716 | Orc:2    | Found Amiutyts's Assorted Antiques.
 35717 | Orc:2    | Found Cabymm's Assorted Antiques.
 35717 | Orc:2    | Found Pion's Armour Emporium.
 35717 | Orc:2    | Found Eghaax's Weapon Shop.
 35779 | Orc:2    | Found Rifucaw's Armour Boutique.
 35993 | Orc:2    | Reached skill level 15 in Axes
 36096 | Orc:1    | Noticed Maurice
 36124 | Orc:2    | Killed Maurice
 36438 | Orc:1    | Reached XP level 17. HP: 129/135 MP: 25/25
 36857 | D:9      | Learned a level 3 spell: Regeneration
 36977 | Spider:1 | Entered Level 1 of the Spider Nest
 39799 | Lair:4   | Reached skill level 5 in Spellcasting
 40887 | Spider:2 | Noticed Frances
 41159 | Spider:2 | You fall through a shaft!
 41780 | Spider:3 | Slain by an emperor scorpion

Vault maps used:
D:1:      lightli_arrival_chessboard
D:2:      ecumenical_altar_1, first_bread, uniq_crazy_yiuf_cottage, uniq_terence
D:3:      uniq_robin, uniq_sigmund
D:5:      makhleb_altar_promises_db, evilmike_ruin_ashenzari,
          overflow_temple_1_default, lemuel_coloured_pillars_altar,
          lemuel_round_altar, uniq_blork_the_orc
D:6:      grunt_gozag_statues, uniq_pikel, uniq_duvessa
D:7:      nicolae_overflow_hidden_temple, minmay_temple_entry_statues,
          nicolae_ossuary_entry_ruins, the_bakery, lightli_corner_chamber
D:8:      basic_altar
D:9:      kennysheep_mini, bloody_trog
D:10:     statuecave_lemuel, uniq_psyche
D:11:     erik_lair_orcish_takeover, serial_shops, nicolae_shop_behind_doors,
          uniq_josephine
D:12:     orc_david_3, minivault_16, uniq_maud
D:13:     grunt_vaults_entry_fortified, serial_shops, shop_statue
D:14:     minivault_24, st_stairs_9, lightli_church_of_beogh
D:15:     hangedman_depths_entry_try_elsewhere_first,
          nemelex_xobeh_ov_fountains_minmay, special_room
Temple:   zaba_magenta_temple_12
Lair:2:   grunt_megastairs_5, uniq_sonja
Lair:3:   st_stairs_3, pf_torpor_hydra
Lair:4:   spider_nest_entry_a, portal_ice_cave_entry_ice_beasts,
          serial_bayou_shore_b
Lair:5:   minmay_swamp_entry_wisps, patterned_corridor
Lair:7:   beast_lair_carwin_2
Lair:8:   minmay_lair_end_frog_pond, slime_altar_2, basic_altar,
          lemuel_fruit_tree
Spider:2: uniq_frances
Spider:3: hangedman_stitches_earthworm
Orc:1:    nicolae_orc_accident_3, serial_shops, shop_fountains, elf_legates,
          uniq_maurice
Orc:2:    st_orc_ogre_mass, serial_shops, shop, shop, shop, nicolae_shop_crystal
Ossuary:  ossuary_the_hunt_dpeg

Skill      XL: |  1  2  3  4  5  6  7  8  9 10 11 12 13 14 15 16 17 |
---------------+----------------------------------------------------+-----
Dodging        | 1 2 3 4 5 6 7 8 9 10 | 10.7
Shields        | 4 5 6 7 9 10 | 10.6
Axes           | 3 4 5 6 8 9 10 12 13 14 15 | 15.6
Throwing       | 1 2 3 4 5 |  5.9
Fighting       | 4 5 6 7 9 10 11 12 | 12.9
Armour         | 4 5 6 7 8 9 10 11 12 | 12.7
Invocations    | 3 5 7 8 10 11 | 11.3
Evocations     | 2 4 5 6 |  6.9
Spellcasting   | 1 4 5 |  5.5
Crossbows      | 3 4 |  4.8

Action                   |  1- 3 |  4- 6 |  7- 9 | 10-12 | 13-15 | 16-18 || total
-------------------------+-------+-------+-------+-------+-------+-------++-------
Melee: War axe           |    59 |   128 |   408 |  1011 |  1619 |   597 ||  3822
       Hand axe          |       |       |    27 |    78 |   134 |     5 ||   244
       Battleaxe         |       |       |       |       |    86 |   610 ||   696
 Fire: Arbalest          |       |       |       |       |       |    10 ||    10
Throw: Javelin           |     6 |     6 |    16 |    31 |    26 |    22 ||   107
       Stone             |    26 |    70 |   120 |   384 |   605 |    40 ||  1245
       Tomahawk          |       |       |     7 |    16 |   105 |    67 ||   195
Invok: Major Destruction |       |       |       |       |     3 |     1 ||     4
       Lesser Servant of |       |       |       |       |     1 |     2 ||     3
 Abil: Dig               |       |       |       |     9 |    12 |     8 ||    29
       Shaft Self        |       |       |       |       |     1 |     1 ||     2
       Evoke Flight      |       |       |       |       |       |     1 ||     1
Evoke: Wand              |       |     3 |       |     6 |     2 |     3 ||    14
  Use: Scroll            |     4 |     2 |     3 |     8 |     7 |     4 ||    28
       Potion            |     3 |     6 |     2 |       |     4 |     4 ||    19
 Stab: Invisible         |       |       |       |       |     1 |       ||     1
  Eat: Chunk             |       |     6 |    13 |    31 |    52 |    31 ||   133
       Beef jerky        |       |       |     1 |     1 |       |       ||     2
       Pizza             |       |       |       |     1 |       |       ||     1
       Meat ration       |       |       |       |       |       |     1 ||     1
Armor: Scale mail        |    25 |       |       |       |       |       ||    25
       Chain mail        |       |    77 |   175 |   264 |   401 |   415 ||  1332
Dodge: Dodged            |    25 |    36 |   104 |   228 |   411 |   555 ||  1359
Block: Shield            |    22 |    69 |   237 |   670 |  1156 |   971 ||  3125
       Reflection        |       |       |       |     7 |    25 |    25 ||    57
